 Dungeon Crawl Stone Soup version 0.25.0-33-gff14898491 (webtiles) character file.

Game seed: 10590997672542883580

184 Peloso the Covered (level 5, -1/41 HPs)
             Began as a Demonspawn Fighter on July 7, 2020.
             Slain by a gnoll
             ... wielding a +0 spear of freezing
              (2 damage)
             ... on level 4 of the Dungeon.
             The game lasted 00:05:10 (3831 turns).

Peloso the Covered (Demonspawn Fighter)             Turns: 3831, Time: 00:05:11

Health: -1/41      AC:  8    Str: 17    XL:     5   Next: 36%
Magic:  5/5        EV:  7    Int: 10    God:
Gold:   257        SH:  9    Dex: 12    Spells: 4/4 levels left

rFire    + . .     SeeInvis .   a - +0 long sword
rCold    . . .     Gourm    .   c - +0 kite shield
rNeg     . . .     Faith    .   e - +0 scale mail
rPois    .         Spirit   .   (no helmet)
rElec    .         Reflect  .   (no cloak)
rCorr    .         Harm     .   (no gloves)
MR       .....                  (no boots)
Stlth    ..........             (no amulet)
HPRegen  0.13/turn              (no ring)
MPRegen  0.09/turn              (no ring)

@: no status effects
A: slimy green scales 1, fire resistance 1
a: no special abilities


You were on level 4 of the Dungeon.
You were near starving.

You visited 1 branch of the dungeon, and saw 4 of its levels.

You collected 257 gold pieces.

Inventory:

Hand Weapons
 a - a +0 long sword (weapon)
 h - a cursed -2 short sword
Armour
 c - a +0 kite shield (worn)
 e - a +0 scale mail (worn)
Scrolls
 b - a scroll of remove curse
 i - 2 scrolls of teleportation
 n - 3 scrolls of identify {unknown}
Potions
 d - a potion of might
 g - 2 potions of brilliance {unknown}
 k - a potion of ambrosia {unknown}
 l - 2 potions of haste {unknown}
 m - a potion of cancellation {unknown}
 o - 2 potions of curing {unknown}
 p - a potion of heal wounds {unknown}
Comestibles
 f - 4 rations


   Skills:
 + Level 3.5 Fighting
 + Level 3.2 Long Blades
   Level 0.3 Polearms
 + Level 3.6 Armour
 + Level 0.7 Dodging
 + Level 0.2 Stealth
 + Level 3.4 Shields


You had 4 spell levels left.
You didn't know any spells.
Your spell library was empty.

Dungeon Overview and Level Annotations

Branches:
Dungeon (4/15)
 Temple: D:4-7

Altars:
Cheibriados
Sif Muna


Innate Abilities, Weirdness & Mutations

You are partially covered in slimy green scales. (AC +2)
Your flesh is heat resistant. (rF+)


Message History

You hit the gnoll.
The gnoll is severely wounded.
You block the gnoll's attack. x2
Your shield and scale mail prevent you from hitting the gnoll.
The gnoll is severely wounded.
The gnoll hits you with a +0 spear of freezing.
The gnoll freezes you.
* * * LOW HITPOINT WARNING * * *
You closely miss the gnoll.
The gnoll is severely wounded.
The gnoll hits you with a +0 spear of freezing.
* * * LOW HITPOINT WARNING * * *
The gnoll freezes you.
* * * LOW HITPOINT WARNING * * *
You closely miss the gnoll.
The gnoll is severely wounded.
The gnoll hits you with a +0 spear of freezing.
* * * LOW HITPOINT WARNING * * *
The gnoll freezes you.
You die...

#### ..# ..#g#
####.#@####
#..#.#)>..#
#..#.####.#
#..#.# #.#
#รท.#.# #.####
###..#.####....#
#.........####.#
#.####.##.# #.#
#<.....##.# #.#


You could see a gnoll.

Vanquished Creatures
  A centaur skeleton (D:4)
  5 gnolls
  3 adders
  An ooze (D:3)
  3 worms
  2 dart slugs (D:2)
  A leopard gecko (D:1)
  2 ball pythons
  5 bats
  8 hobgoblins
  6 jackals
  3 quokkas
  6 frilled lizards
  9 goblins
  5 kobolds
  5 rats
65 creatures vanquished.

Notes
Turn   | Place    | Note
-------+----------+-------------------------------------------
     0 | D:1      | Peloso the Demonspawn Fighter began the quest for the Orb.
     0 | D:1      | Reached XP level 1. HP: 18/18 MP: 1/1
   181 | D:1      | Gained mutation: Your flesh is heat resistant. (rF+)
                  | [demonic ancestry]
   181 | D:1      | Reached XP level 2. HP: 24/24 MP: 2/2
   509 | D:1      | HP: 1/24 [jackal (1)]
  1354 | D:2      | Gained mutation: You are partially covered in slimy green
                  | scales. (AC +2) [demonic ancestry]
  1354 | D:2      | Reached XP level 3. HP: 18/29 MP: 3/3
  1839 | D:1      | Reached XP level 4. HP: 22/35 MP: 4/4
  2505 | D:2      | Found a shimmering blue altar of Sif Muna.
  2505 | D:2      | Found a snail-covered altar of Cheibriados.
  3742 | D:4      | Reached XP level 5. HP: 38/41 MP: 5/5
  3831 | D:4      | HP: 1/41 [gnoll/+0 spear of freezing (6)]
  3831 | D:4      | Slain by a gnoll

Illustrated notes

Levels and vault maps discovered:
D:1:      onia_arrival_pentagram, layout_loops_ring
D:2:      layout_rooms, gammafunk_temple_overflow_pools
D:3:      kb_forest_paths, layout_loops_corners, old_standard_altar,
          first_ration
D:4:      layout_basic, minmay_temple_entry_purple_smoke, uniq_ijyb,
          uniq_duvessa

Skill      XL: |  1  2  3  4 |
---------------+-------------+-----
Armour         | 3 |  3.6
Shields        | 3 |  3.4
Long Blades    | 2 3 |  3.2
Fighting       | |  3.5
Polearms       | |  0.3
Dodging        | |  0.7
Stealth        | |  0.2

Action                   |  1- 3 |  4- 6 || total
-------------------------+-------+-------++-------
Melee: Long sword        |    49 |   145 ||   194
       Spear             |   109 |       ||   109
  Use: Scroll            |     3 |       ||     3
  Eat: Chunk             |     3 |     5 ||     8
Armor: Scale mail        |   106 |    56 ||   162
Dodge: Dodged            |    82 |    47 ||   129
Block: Kite shield       |    87 |    68 ||   155
       Rpst.: Long sword |    10 |    12 ||    22
